 Dungeon Crawl Stone Soup version 0.30.1-11-g7821555f0a (webtiles) character file.

Game seed: 7381408772980272797

195 monsoonserge the Gusty (level 5, -2/28 HPs)
             Began as a Tengu Air Elementalist on Nov 15, 2023.
             Slain by a gnoll
             ... wielding a +0 halberd
              (15 damage)
             ... on level 4 of the Dungeon.
             The game lasted 00:12:44 (3196 turns).

monsoonserge the Gusty (Tengu Air Elementalist)     Turns: 3196, Time: 00:12:44

Health: -2/28      AC:  3    Str:  8    XL:     5   Next: 74%
Magic:  0/9        EV: 14    Int: 18    God:
Gold:   236        SH:  0    Dex: 14    Spells: 1/9 levels left

rFire   . . .        m - +2 short sword (distort)
rCold   . . .        (no shield)
rNeg    . . .        c - +0 leather armour
rPois   .            (helmet restricted)
rElec   .            (no cloak)
rCorr   .            (no gloves)
SInv    .            (boots unavailable)
Will    .....        (no amulet)
Stlth   ++           (no ring)
HPRegen 0.24/turn    (no ring)
MPRegen 0.11/turn

%: no passive effects
@: flying quickly and evasively, quick
A: beak, talons 3, nimble flight
a: no special abilities


You were on level 4 of the Dungeon.
You visited 1 branch of the dungeon, and saw 4 of its levels.

You collected 236 gold pieces.

Inventory:

Hand Weapons
 e - a +0 dagger
 h - a +0 sling
 m - a +2 short sword of distortion (weapon)
Armour
 a - a +0 robe
 c - a +0 leather armour (worn)
 p - a +0 ring mail
Scrolls
 f - 6 scrolls of teleportation {unknown}
 g - 4 scrolls of enchant weapon {unknown}
 j - 7 scrolls of identify {unknown}
 k - a scroll of blinking {unknown}
 n - a scroll of fear {unknown}
 q - a scroll of torment {unknown}
 s - a scroll of immolation {unknown}
Potions
 b - a potion of magic
 d - a potion of haste {unknown}
 i - 2 potions of curing {unknown}
 l - a potion of brilliance {unknown}
 o - a potion of flight {unknown}
 r - a potion of lignification {unknown}
 t - a potion of heal wounds {unknown}
 u - 2 potions of ambrosia {unknown}


   Skills:
 + Level 0.3 Fighting
 + Level 0.1 Short Blades
 * Level 2.5 Armour
 + Level 2.4 Dodging
 + Level 2.4 Stealth
 + Level 2.5 Spellcasting
 + Level 2.7 Conjurations
 + Level 6.0 Air Magic


You had one spell level left.
You knew the following spells:

 Your Spells              Type           Power      Damage    Failure   Level
a - Shock                 Conj/Air       72%        1d7       4%          1
b - Swiftness             Air            24%        N/A       6%          3
c - Airstrike             Air            12%        2d(2-18)  21%         4

Your spell library contained the following spells:

 Spells                   Type           Power      Damage    Failure   Level
 Magic Dart               Conj           48%        1d5       8%          1
 Kiss of Death            Conj/Necr      28%        2d7       14%         1
 Static Discharge         Conj/Air       36%        2-4/arc   6%          2
 Searing Ray              Conj           24%        2d5       12%         2
 Confusing Touch          Hex            2%         N/A       58%         3
 Tukima's Dance           Hex            2%         N/A       58%         3
 Fulminant Prism          Conj/Hex       3%         3d5       80%         4
 Dispel Undead            Necr           2%         3d7       94%         4
 Passage of Golubria      Tloc           2%         N/A       94%         4
 Yara's Violent Unravell  Hex/Tmut       1%         3d3       100%        5


Dungeon Overview and Level Annotations

Branches:
Dungeon (4/15)
 Temple: D:4-7

Altars:
Sif Muna
Trog
Wu Jian


Innate Abilities, Weirdness & Mutations

You have a beak for a mouth.
You have claws for feet.
Your magical nature lets you fly swiftly and evasively.


Message History

Casting: Shock (safe; 4% risk of failure)
Confirm with . or Enter, or press ? or * to list all spells.
Aiming: Shock (safe; 4% risk of failure)
Press: ? - help, Shift-Dir - straight line, f/p - gnoll
Aim: a gnoll, wielding a +0 whip (heavily wounded, 75% to hit)
The zap misses the hound.
The zap hits the gnoll.
The gnoll is severely wounded.
The zap misses the gnoll.
The hound bites you. The hound misses you.
Unknown command.
Casting: Shock (safe; 4% risk of failure)
Confirm with . or Enter, or press ? or * to list all spells.
You don't have enough magic to cast this spell.
You don't have enough magic to cast this spell.
Unknown command.
You hit the hound.
The hound is almost dead.
The hound closely misses you. The gnoll barely misses you.
You closely miss the hound.
The hound is almost dead.
The hound bites you. The hound closely misses you.
The gnoll closely misses you.
Your magical contamination has completely faded away.
You closely miss the hound.
The hound is almost dead.
The hound bites you. The gnoll completely misses you.
You hit the hound.
You kill the hound!
The gnoll hits you from afar with a +0 halberd.
Your Air Magic skill increases to level 6!
Casting: Shock (safe; 4% risk of failure)
Confirm with . or Enter, or press ? or * to list all spells.
Aiming: Shock (safe; 4% risk of failure)
Press: ? - help, Shift-Dir - straight line, f/p - gnoll
Aim: a gnoll, wielding a +0 whip (heavily wounded, 75% to hit)
The zap hits the gnoll.
The gnoll is almost dead.
The zap misses the gnoll.
The gnoll hits you from afar with a +0 halberd!
Ouch! That really hurt!
You die...

. .. ...
... ..
####.#..#
#@†gg...#
#.##.##...
#.# g. #.#
## #.#
#.#######
#.......#
#######.#
#.#


You could see 2 gnolls.

Vanquished Creatures
  A hound (D:4)
  Natasha (twice) (D:3)
  2 gnolls
  3 adders
  A white imp (D:3)
  2 dart slugs
  8 endoplasms
  A giant cockroach (D:1)
  2 goblins
  8 jackals
  8 kobolds
  2 quokkas (D:1)
  5 ball pythons
  8 bats
  5 frilled lizards
  6 rats
64 creatures vanquished.

Notes
Turn   | Place    | Note
-------+----------+-------------------------------------------
     0 | D:1      | monsoonserge the Tengu Air Elementalist began the quest for
                  | the Orb.
     0 | D:1      | Reached XP level 1. HP: 10/10 MP: 4/4
   206 | D:1      | Reached XP level 2. HP: 15/15 MP: 1/6
   568 | D:1      | Reached skill level 1 in Armour
   568 | D:1      | Reached XP level 3. HP: 19/19 MP: 0/7
   584 | D:1      | Learned a level 3 spell: Swiftness
   879 | D:2      | Found a faded altar of an unknown god.
   965 | D:2      | Reached skill level 5 in Air Magic
  1278 | D:2      | Reached XP level 4. HP: 24/24 MP: 5/8
  2096 | D:3      | Noticed Natasha
  2100 | D:3      | Killed Natasha
  2296 | D:3      | Found an ornate altar of the Wu Jian Council.
  2481 | D:3      | Found a shimmering blue altar of Sif Muna.
  2486 | D:3      | Gained mutation: Your magical nature lets you fly swiftly
                  | and evasively. [Tengu growth]
  2486 | D:3      | Reached XP level 5. HP: 28/28 MP: 4/9
  2492 | D:3      | Got Sif Muna's Anthology of the Volley
  2507 | D:3      | Found a bloodstained altar of Trog.
  2665 | D:3      | Learned a level 4 spell: Airstrike
  2732 | D:3      | Noticed Natasha
  2737 | D:3      | Killed Natasha
  3196 | D:4      | Reached skill level 6 in Air Magic
  3196 | D:4      | Slain by a gnoll

Illustrated notes

Levels and vault maps discovered:
D:1:      minmay_arrival_solitary_statue, layout_rooms
D:2:      layout_loops_ring, nicolae_ecumenical_lake_church, serial_bayou,
          serial_bayou_pond_c, serial_bayou_lagoon_a, serial_bayou_pond_d,
          serial_bayou_shore_a, minmay_pentomino_pile
D:3:      layout_basic, nzn_overflow_gifts_of_might_and_magic,
          old_standard_altar, uniq_natasha
D:4:      layout_basic, minmay_temple_entry_statues, ebering_ghost_disaster_area

Skill      XL: |  1  2  3  4  5 |
---------------+----------------+-----
Conjurations   | 2 |  2.7
Armour         | 1 2 |  2.5
Air Magic      | 5 6 |  6.0
Fighting       | |  0.3
Short Blades   | |  0.1
Dodging        | |  2.4
Stealth        | |  2.4
Spellcasting   | |  2.5

Action                     |  1- 3 |  4- 6 || total
---------------------------+-------+-------++-------
  Melee: Unarmed           |     3 |       ||     3
         Peck              |     3 |     1 ||     4
         Dagger            |     8 |       ||     8
         Kick              |     3 |     2 ||     5
         Short sword       |     1 |    25 ||    26
   Cast: Shock             |    68 |    50 ||   118
         Airstrike         |       |     2 ||     2
 Armour: Leather armour    |     7 |     7 ||    14
  Dodge: Dodged            |    14 |    37 ||    51
